 Dungeon Crawl Stone Soup version 0.18-a0-1358-gd0e7041 (webtiles) character file.

39 Reinor the Ducker (level 3, 0/19 HPs)
             Began as a Spriggan Abyssal Knight on Feb 20, 2016.
             Was a Follower of Lugonu.
             Slain by a gnoll
             ... wielding a +0 spear
              (5 damage)
             ... on level 1 of the Dungeon.
             The game lasted 00:04:00 (2108 turns).

Reinor the Ducker (Spriggan Abyssal Knight)         Turns: 2108, Time: 00:04:00

Health: 0/19       AC:  4    Str:  8    XL:     3   Next: 26%
Magic:  5/5        EV: 18    Int: 14    God:    Lugonu [*.....]
Gold:   140        SH:  5    Dex: 15    Spells: 0 memorised, 2 levels left

rFire  . . .     SeeInvis +     a - +1 short sword
rCold  . . .     Gourm    .     b - +1 robe
rNeg   . . .     Faith    .     (shield restricted)
rPois  .         Spirit   .     (helmet restricted)
rElec  .         Dismiss  .     j - +0 cloak
rCorr  .         Reflect  +     (gloves unavailable)
SustAt .         Harm     .     (boots unavailable)
MR     .....                    i - +5 amulet of reflection
Stlth  ++........               (no ring)
                                (no ring)

@: very quick, not resistant to hostile enchantments, unstealthy
A: unfitting armour, see invisible, herbivore 3, speed 3, slow metabolism 2
a: Depart the Abyss, Renounce Religion


You were on level 1 of the Dungeon.
You worshipped Lugonu.
Lugonu was aware of your devotion.
You were not hungry.

You visited 1 branch of the dungeon, and saw 2 of its levels.
You visited the Abyss 1 time.

You collected 140 gold pieces.

Inventory:

Hand Weapons
 a - a +1 short sword (weapon)
Armour
 b - a +1 robe (worn)
 j - a +0 cloak (worn)
Jewellery
 i - a +5 amulet of reflection (around neck)
Wands
 g - a wand of digging (9/24)
Scrolls
 d - 4 scrolls of blinking
Potions
 f - a potion of curing
 h - a potion of agility
 k - a potion of haste {unknown}
Miscellaneous
 e - a phantom mirror
Comestibles
 c - 2 bread rations


   Skills:
 - Level 2.5 Fighting
 + Level 3.2 Short Blades
 - Level 3.5 Dodging
 + Level 2.9 Stealth
 - Level 1.7 Invocations


You had 2 spell levels left.
You didn't know any spells.

Dungeon Overview and Level Annotations

Branches:
Dungeon (2/15)

Altars:


Innate Abilities, Weirdness & Mutations

You are tiny and cannot use many weapons and most armour.
You have supernaturally acute eyesight.
You are an herbivore.
You cover ground extremely quickly.
You need consume almost no food.


Message History

A hobgoblin comes into view. It is wielding a club.
The hobgoblin moves out of view.
There is a stone staircase leading up here.
You climb upwards.
There is a stone staircase leading down here.
You start resting.
HP restored.
You climb downwards.
The gnoll closely misses you.
There is a stone staircase leading up here.
The gnoll hits you with a spear.
You climb upwards.
There is a stone staircase leading down here.
You barely miss the gnoll. The gnoll hits you with a spear!
* * * LOW HITPOINT WARNING * * *
You closely miss the gnoll. The gnoll misses you.
You closely miss the gnoll. The gnoll closely misses you.
You hit the gnoll.
The gnoll is lightly wounded.
The gnoll hits you with a spear.
You die...

#.# #.##..##..##.# #.#
#...##..##...#
#.####...##..##...#
#.#...............#
#.#.#.......#.#####
#.#.#.####..#...#
#.#.#.####..###'##
#.#..............#
#.#.....###@##...#
#.#........g.....#
#.#.........##..##
#.#.......#.##..#
######.#.............#
#..........##.##..#..#
#.####.#.#.##.##.#...#
#.#..................#
#.#.###....##.#†.#####


You could see a gnoll.

Vanquished Creatures
  A gnoll (D:1)
  A giant gecko (D:1)
  4 bats
  2 giant cockroaches
  3 goblins (D:1)
  4 hobgoblins
  4 jackals (D:1)
  2 kobolds
  A giant newt (D:1)
  4 rats
26 creatures vanquished.

Notes
Turn   | Place    | Note
--------------------------------------------------------------
     0 | Abyss:1  | Reinor the Spriggan Abyssal Knight began the quest for the Orb.
     0 | Abyss:1  | Reached XP level 1. HP: 11/11 MP: 3/3
   171 | Abyss:2  | Noticed a vampire mage
   177 | Abyss:2  | Noticed a flying skull
   191 | Abyss:2  | Noticed a wraith
   191 | Abyss:2  | Noticed a starcursed mass
   200 | Abyss:2  | Noticed a golden eye
   211 | D:1      | Escaped the Abyss
   501 | D:1      | Reached skill level 1 in Stealth
   502 | D:1      | Reached * piety under Lugonu
   507 | D:1      | Reached XP level 2. HP: 8/16 MP: 4/4
  1800 | D:2      | Reached XP level 3. HP: 16/19 MP: 5/5
  2108 | D:1      | Slain by a gnoll

Vault maps used:
D:1:      lightli_iron_boxes, hangedman_abyss_or_decor_lesser_grid
D:2:      uniq_terence, uniq_robin, uniq_jessica
Abyss:1:  kilobyte_mutagenic_chamber
Abyss:2:  evilmike_abyss_exit_14

Action                   || total
-------------------------++-------
Melee: Short sword       ||   101
Invok: Depart the Abyss  ||     1
  Use: Scroll            ||     8
       Potion            ||     2
 Stab: Sleeping          ||     5
